 Dungeon Crawl Stone Soup version 0.27.1-33-g824d729ab1 (webtiles) character file.

Game seed: 5395190087724971832

1247 jlumianski the Chopper (level 8, -3/50 HPs)
             Began as a Gargoyle Monk on Dec 7, 2021.
             Slain by a killer bee (6 damage)
             ... on level 6 of the Dungeon on Dec 8, 2021.
             The game lasted 00:34:06 (8766 turns).

jlumianski the Chopper (Gargoyle Monk)              Turns: 8766, Time: 00:34:07

Health: -3/50      AC: 17    Str: 16    XL:     8   Next: 50%
Magic:  0/8        EV:  7    Int: 18    God:
Gold:   99         SH:  0    Dex: 12    Spells: 7/7 levels left

rFire    . . .     SeeInvis .   w - +0 broad axe
rCold    . . .     Faith    .   (no shield)
rNeg     + . .     Spirit   +   s - +0 chain mail
rPois    ∞         Reflect  .   (no helmet)
rElec    +         Harm     .   i - scarf {shadows}
rCorr    .         Rampage  .   r - +1 pair of gloves
Will     .....                  (no boots)
Stlth    ..........             A - amulet of guardian spirit
HPRegen  0.16/turn              d - +6 ring of intelligence
MPRegen  0.11/turn              D - ring of wizardry

@: no status effects
A: sickness immunity, AC +5, negative energy resistance 1, electricity
resistance, torment resistance 1, petrification resistance
a: no special abilities


You were on level 6 of the Dungeon.
You visited 2 branches of the dungeon, and saw 8 of its levels.

You collected 222 gold pieces.
You spent 123 gold pieces at shops.

Inventory:

Hand Weapons
 a - a +0 hand axe
 m - a +1 war axe
 u - a +2 whip of flaming
 w - a +0 broad axe (weapon)
 x - a +1 flail of protection
 B - a +2 spear of venom
 E - a +4 dagger
Missiles
 c - 64 stones
 e - 103 bolts
 h - 56 arrows
 j - 18 poisoned darts (quivered)
 y - 3 boomerangs
Armour
 b - a +0 robe
 i - a scarf of shadows (worn)
 o - a +0 scale mail of cold resistance
 r - a +1 pair of gloves (worn)
 s - a +0 chain mail (worn)
Jewellery
 d - a +6 ring of intelligence (left hand)
 p - a ring of flight
 t - a ring of ice
 A - an amulet of guardian spirit (around neck)
 D - a ring of wizardry (right hand)
Scrolls
 g - 2 scrolls of enchant weapon
 v - a scroll of identify
 C - a scroll of immolation
Potions
 f - 2 potions of mutation
 l - a potion of cancellation
 n - a potion of magic
 q - a potion of haste {unknown}
 F - a potion of heal wounds {unknown}
 G - a potion of attraction {unknown}


   Skills:
 + Level 5.4 Fighting
 + Level 7.0 Axes
 + Level 2.1 Throwing
 + Level 4.4 Armour
 + Level 3.1 Dodging
 + Level 2.7 Stealth


You had 7 spell levels left.
You didn't know any spells.
Your spell library contained the following spells:

 Spells                   Type           Power      Damage    Failure   Level
 Dazzling Flash           Conj/Hex       0%         N/A       98%         3
 Tukima's Dance           Hex            0%         N/A       98%         3
 Fulminant Prism          Conj/Hex       0%         3d6       100%        4
 Freezing Cloud           Conj/Ice/Air   0%         6-21      100%        5


Dungeon Overview and Level Annotations

Branches:
Dungeon (7/15)             Temple (1/1) D:4

Altars:
Ashenzari
Cheibriados
Fedhas
Gozag
Hepliaklqana
Kikubaaqudgha
Makhleb
Okawaru
Qazlal
Ru
Sif Muna
Uskayaw
Vehumet
Xom
Yredelemnul
Zin
The Shining One

Shops:
D:4 =   D:5 (?(


Innate Abilities, Weirdness & Mutations

You are immune to sickness and miasma.
Your stone body is resilient. (AC +5)
You are immune to poison.
You resist negative energy. (rN+)
You are resistant to electric shocks. (rElec)
You are resistant to unholy torment.
You are immune to petrification.


Message History

The killer bee stings you!
* * * LOW HITPOINT WARNING * * *
You feel better.
The killer bee stings you but does no damage.
The killer bee stings you.
* * * LOW HITPOINT WARNING * * *
The killer bee barely misses you.
The killer bee stings you but does no damage. x3
The killer bee completely misses you.
The killer bee stings you but does no damage.
The killer bee stings you.
* * * LOW HITPOINT WARNING * * *
The killer bee barely misses you.
The killer bee stings you but does no damage.
The killer bee stings you but does no damage.
The killer bee completely misses you.
The killer bee stings you but does no damage.
The killer bee stings you.
* * * LOW HITPOINT WARNING * * *
The killer bee barely misses you.
The killer bee stings you but does no damage.
The killer bee stings you but does no damage.
There is an open door here.
The killer bee stings you but does no damage.
The killer bee barely misses you.
The killer bee stings you but does no damage.
The killer bee stings you but does no damage.
The killer bee stings you but does no damage.
The killer bee stings you but does no damage.
The killer bee closely misses you. The killer bee stings you.
* * * LOW HITPOINT WARNING * * *
The killer bee stings you but does no damage.
The killer bee stings you.
* * * LOW HITPOINT WARNING * * *
The killer bee closely misses you.
The killer bee stings you but does no damage. x2
The killer bee stings you but does no damage.
The killer bee stings you!
You die...

##### ..#.#..# #...# .......#
#...# ..###..# #...###### ..
##.## ###### #...'....y .. #..#
.....#######...####### # .#..##
.....'................ #..#†..#
.....######.y..y##########.##.#.#
.....)))......yy@.............#.#
....y.#####....y####..........#..
......# #.....# #..........##.
......# #.....# #..........##.
......# #.....# #..........##.
...##.# #.....# #..........##.
...##.# #.....# #.............
##.##.# #.....# #.............
#y##.# ###+### #.............


You could see 5 killer bees.

Vanquished Creatures
  3 ogres
  A centaur (D:5)
  4 scorpions
  A jelly (D:5)
  5 orc priests
  A bullfrog skeleton (D:5)
  4 iguanas
  3 orc wizards
  5 gnolls (D:2)
  8 adders
  A shadow imp (D:5)
  An ufetubus (D:3)
  2 adder skeletons (D:4)
  2 worms
  4 dart slugs
  31 orcs
  7 endoplasms
  4 giant cockroaches
  3 goblins
  7 hobgoblins
  7 kobolds
  4 quokkas
  9 ball pythons
  5 bats
  5 frilled lizards
  5 rats
132 creatures vanquished.

Vanquished Creatures (others)
  An orc wizard (D:5)
1 creature vanquished.

Grand Total: 133 creatures vanquished

Notes
Turn   | Place    | Note
-------+----------+-------------------------------------------
     0 | D:1      | jlumianski the Gargoyle Monk began the quest for the Orb.
     0 | D:1      | Reached XP level 1. HP: 14/14 MP: 1/1
   203 | D:1      | Reached XP level 2. HP: 16/19 MP: 2/2
   424 | D:1      | Reached skill level 3 in Axes
   712 | D:2      | Reached XP level 3. HP: 24/24 MP: 3/3
  1594 | D:1      | Reached XP level 4. HP: 15/29 MP: 4/4
  2364 | D:2      | Reached skill level 4 in Axes
  2719 | D:2      | Reached XP level 5. HP: 30/33 MP: 5/5
  3459 | D:2      | Reached skill level 1 in Armour
  3944 | D:3      | Found a stormy altar of Qazlal.
  4332 | D:3      | Reached XP level 6. HP: 30/38 MP: 6/6
  4724 | D:4      | Found Avaqae Atwo's Jewellery Boutique.
  5149 | D:5      | Entered Level 5 of the Dungeon
  5149 | D:5      | Found Syn Heuch's Weapon Shoppe.
  5162 | D:5      | Got the Collected Works on the Glacial Oath
  5171 | D:5      | Bought a +0 broad axe for 48 gold pieces
  5796 | D:4      | Reached skill level 5 in Axes
  6050 | D:5      | Found Kerr's Weapon Shop.
  6118 | D:4      | Found a staircase to the Ecumenical Temple.
  6120 | D:4      | Reached skill level 1 in Throwing
  6135 | Temple   | Entered the Ecumenical Temple
  6410 | D:5      | Reached XP level 7. HP: 41/44 MP: 7/7
  6948 | D:5      | Found Eriruded's Magic Scroll Emporium.
  6968 | D:5      | Bought a scroll of blinking for 75 gold pieces
  7313 | D:5      | Reached skill level 6 in Axes
  7533 | D:5      | Reached XP level 8. HP: 10/48 MP: 1/8
  7829 | D:5      | Reached skill level 5 in Fighting
  8418 | D:6      | Reached skill level 7 in Axes
  8764 | D:6      | HP: 2/50 [killer bee (2)]
  8766 | D:6      | Slain by a killer bee

Illustrated notes

Levels and vault maps discovered:
D:1:      dpeg_arrival_arbitrary_c, layout_rooms, minmay_misc_feat_plants
D:2:      layout_basic
D:3:      kennysheep_big_flooded_room, layout_rooms,
          mainiacjoe_overflow_alcove_2
D:4:      layout_basic, minmay_temple_entry_from_below_a, serial_shops,
          nicolae_stop_n_shop_1
D:5:      minmay_recursive_quarters, layout_basic, serial_shops,
          nicolae_shop_waterfront, nicolae_stop_n_shop_2, shop_statue
D:6:      layout_basic, serial_shops, nicolae_shop_waterfront
D:7:      layout_loops_cross, uniq_pikel
Temple:   lightli_temple_of_artemis

Skill      XL: |  1  2  3  4  5  6  7  8 |
---------------+-------------------------+-----
Axes           | 3 4 5 6 7 |  7.0
Fighting       | 4 5 |  5.4
Armour         | 2 4 |  4.4
Dodging        | 3 |  3.1
Throwing       | 1 2 |  2.1
Stealth        | |  2.7

Action                   |  1- 3 |  4- 6 |  7- 9 || total
-------------------------+-------+-------+-------++-------
Melee: Hand axe          |    56 |       |       ||    56
       War axe           |    33 |   210 |       ||   243
       Broad axe         |       |    34 |   146 ||   180
Throw: Dart              |     2 |    41 |    18 ||    61
  Use: Scroll            |     6 |     5 |     2 ||    13
       Potion            |     1 |       |     1 ||     2
 Stab: Sleeping          |       |     1 |       ||     1
Armor: Robe              |    32 |       |       ||    32
       Scale mail        |       |    58 |       ||    58
       Chain mail        |       |   132 |   165 ||   297
Dodge: Dodged            |    81 |   153 |    84 ||   318
